 Dungeon Crawl Stone Soup version 0.25-a0-834-g55863b0b92 (webtiles) character file.

Game seed: 383244842423134713, levelgen mode: deterministic

154 unvid the Digger (level 5, 0/35 HPs)
             Began as a Mummy Earth Elementalist on Apr 22, 2020.
             Slain by an orc priest
             ... wielding a +1 vorpal falchion
              (4 damage)
             ... on level 3 of the Dungeon.
             The game lasted 00:05:13 (3111 turns).

unvid the Digger (Mummy Earth Elementalist)         Turns: 3111, Time: 00:05:14

Health: 0/35       AC:  3    Str: 12    XL:     5   Next: 13%
Magic:  1/9        EV: 16    Int: 15    God:
Gold:   66         SH:  0    Dex: 12    Spells: 3/9 levels left

rFire    x . .     SeeInvis .   a - +0 spear
rCold    + + .     Gourm    .   (no shield)
rNeg     + + +     Faith    .   c - +0 robe
rPois    ∞         Spirit   .   (no helmet)
rElec    .         Reflect  .   f - +0 cloak
rCorr    .         Harm     .   (no gloves)
MR       .....                  (no boots)
Stlth    ++........             (no amulet)
HPRegen  0.11/turn              l - +4 ring of evasion
MPRegen  0.11/turn              j - ring of protection from cold

@: no status effects
A: no food or potions, fire vulnerability, cold resistance 1, negative energy
resistance 3, torment resistance, unbreathing
a: no special abilities


You were on level 3 of the Dungeon.
You were not hungry.

You visited 1 branch of the dungeon, and saw 3 of its levels.

You collected 66 gold pieces.

Inventory:

Hand Weapons
 a - a +0 spear (weapon)
Missiles
 b - 12 stones
 e - 2 poisoned darts (quivered)
Armour
 c - a +0 robe (worn)
 f - a +0 cloak (worn)
Jewellery
 j - a ring of protection from cold (right hand)
 l - a +4 ring of evasion (left hand)
Scrolls
 i - a scroll of amnesia {unknown}
 k - a scroll of identify
 m - a scroll of blinking {unknown}
 n - a scroll of enchant armour {unknown}
 o - a scroll of teleportation {unknown}
 p - a scroll of enchant weapon {unknown}


   Skills:
 - Level 1.5 Dodging
 - Level 1.5 Stealth
 - Level 2.6 Spellcasting
 - Level 0.7 Transmutations
 + Level 4.9 Earth Magic


You had 3 spell levels left.
You knew the following spells:

 Your Spells              Type           Power        Failure   Level  Hunger
a - Sandblast             Erth           ###...       2%          1    N/A
b - Passwall              Tmut/Erth      ##......     10%         2    N/A
c - Stone Arrow           Conj/Erth      #.....       22%         3    N/A

Your spell library contained the following spells:

 Spells                   Type           Power        Failure   Level  Hunger
 Petrify                  Tmut/Erth      ##......     54%         4    N/A
 Lee's Rapid Deconstruct  Erth           ###.......   61%         5    N/A

Dungeon Overview and Level Annotations

Branches:
Dungeon (3/15)

Altars:
Ru
Xom


Innate Abilities, Weirdness & Mutations

You do not eat or drink.
Your flesh is vulnerable to fire.
You are immune to poison.
Your flesh is cold resistant. (rC+)
You are immune to negative energy. (rN+++)
You are immune to unholy pain and torment.
You can survive without breathing.


Message History

The orc priest barely misses you.
Casting: Sandblast (safe; 2% risk of failure)
Confirm with . or Enter, or press ? or * to list all spells.
Aiming: Sandblast (safe; 2% risk of failure)
Press: ? - help, Shift-Dir - straight line, f/p - orc priest
Aim: an orc priest, wielding a +1 vorpal falchion and wearing a +0 ring mail (heavily wounded)
The blast of sand hits the orc priest.
The orc priest is almost dead.
b - 13 stones The orc priest barely misses you.
Casting: Sandblast (safe; 2% risk of failure)
Confirm with . or Enter, or press ? or * to list all spells.
Aiming: Sandblast (safe; 2% risk of failure)
Press: ? - help, Shift-Dir - straight line, f/p - orc priest
Aim: an orc priest, wielding a +1 vorpal falchion and wearing a +0 ring mail (almost dead)
The blast of sand hits the orc priest.
The orc priest is almost dead.
b - 12 stones The orc priest hits you with a +1 vorpal falchion.
You die...

....###.###≈ #♣≈♣≈♣##.##
....#...###≈♣♣≈♣#♣≈#..#
.........# ♣≈≈♣#♣♣≈'..#
....##...###'##♣P≈##.##
.......#.#....######.#
.......#.(.#.##..########
............((...........
>.........####[..#######.
.......##.####.o@###
.......##.##.......#
.#..#### #.......# ......
#........# §§....
..(..(........ §#....
..(#............ §.S...
................ §.#...
..(.......!..... o.# ..
...........####


You could see an orc priest.

Vanquished Creatures
  An iguana (D:2)
  4 gnolls
  4 adders
  A worm (D:2)
  A dart slug (D:3)
  2 leopard geckos (D:2)
  2 orcs (D:3)
  4 bats
  4 giant cockroaches
  5 goblins
  4 hobgoblins
  A quokka (D:2)
  6 ball pythons
  5 kobolds
  5 rats
49 creatures vanquished.

Notes
Turn   | Place    | Note
-------+----------+-------------------------------------------
     0 | D:1      | unvid the Mummy Earth Elementalist began the quest for the
                  | Orb.
     0 | D:1      | Reached XP level 1. HP: 13/13 MP: 4/4
   567 | D:1      | Reached skill level 3 in Earth Magic
   567 | D:1      | Reached XP level 2. HP: 17/19 MP: 5/5
  1268 | D:2      | Reached XP level 3. HP: 8/24 MP: 1/7
  1673 | D:2      | Found a sacrificial altar of Ru.
  1800 | D:2      | Found a shimmering altar of Xom.
  1937 | D:2      | Reached skill level 4 in Earth Magic
  2042 | D:2      | Learned a level 2 spell: Passwall
  2046 | D:2      | Learned a level 3 spell: Stone Arrow
  2136 | D:1      | Reached XP level 4. HP: 14/30 MP: 1/8
  2781 | D:3      | Reached XP level 5. HP: 28/35 MP: 6/9
  3111 | D:3      | Slain by an orc priest

Levels and vault maps discovered:
D:1:      tarquinn_simple_flora_water_e, layout_basic, minmay_misc_feat_room
D:2:      layout_loops_corners, marbit_many_paths,
          nicolae_ru_the_path_less_chosen
D:3:      layout_rooms, lemuel_zombie_altar_yredelemnul, saegor_snake_ambush

Skill      XL: |  1  2  3 |
---------------+----------+-----
Earth Magic    | 3 4 |  4.9
Dodging        | |  1.5
Stealth        | |  1.5
Spellcasting   | |  2.6
Transmutations | |  0.7

Action                   |  1- 3 |  4- 6 || total
-------------------------+-------+-------++-------
Melee: Dagger            |    95 |       ||    95
       Unarmed           |     4 |       ||     4
       Spear             |    11 |    53 ||    64
Throw: Dart              |    12 |    15 ||    27
 Cast: Sandblast         |    34 |    26 ||    60
  Use: Scroll            |       |     4 ||     4
 Stab: Sleeping          |     1 |     2 ||     3
Armor: Robe              |    34 |     9 ||    43
Dodge: Dodged            |   129 |    61 ||   190

Table legend:
 A = Non-vault XP
 B = Vault XP
 C = Vault XP percentage of total XP
 D = Non-vault monster count
 E = Vault monster count
 F = Vault count percentage of total count
                 A         B        C        D         E       F
            +---------+---------+-------+---------+---------+-------
      Total |     216 |       5 |   2.3 |      45 |       4 |   8.2
            +---------+---------+-------+---------+---------+-------
        D:1 |      36 |       0 |   0.0 |      15 |       0 |   0.0
        D:2 |     151 |       1 |   0.7 |      23 |       1 |   4.2
        D:3 |      29 |       4 |  12.1 |       7 |       3 |  30.0
            +---------+---------+-------+---------+---------+-------
